 Dungeon Crawl Stone Soup version 0.30-a0-953-g5f1da4a474 (webtiles) character file.

Game seed: 1024745113603955095

189 Newt the Shooter (level 6, -2/40 HPs)
             Began as a Kobold Hunter on Mar 28, 2023.
             Killed by divine providence
             ... invoked by an orc priest
              (9 damage)
             ... on level 2 of the Dungeon.
             The game lasted 00:00:57 (1331 turns).

Newt the Shooter (Kobold Hunter)                    Turns: 1331, Time: 00:00:58

Health: -2/40      AC:  3    Str:  9    XL:     6   Next: 0%
Magic:  6/6        EV: 14    Int: 10    God:
Gold:   22         SH:  0    Dex: 20    Spells: 5/5 levels left

rFire   . . .      SeeInvis .    a - +0 shortbow
rCold   . . .      Faith    .    (shield currently unavailable)
rNeg    . . .      Spirit   .    c - +0 leather armour
rPois   .          Reflect  .    (no helmet)
rElec   .          Rampage  .    (no cloak)
rCorr   .                        (no gloves)
Will    .....                    (no boots)
Stlth   +++                      (no amulet)
HPRegen 0.26/turn                (no ring)
MPRegen 0.10/turn                (no ring)

@: no status effects
A: small, no large weapons, nightstalker 3
a: no special abilities


You were on level 2 of the Dungeon.
You visited 1 branch of the dungeon, and saw 2 of its levels.

You collected 22 gold pieces.

Inventory:

Hand Weapons
 a - a +0 shortbow (weapon)
Armour
 c - a +0 leather armour (worn)
Scrolls
 e - a scroll of enchant armour
 f - a scroll of teleportation


   Skills:
 - Level 5.0 Fighting
 + Level 7.0 Ranged Weapons
 - Level 2.4 Dodging
 - Level 1.3 Stealth


You had 5 spell levels left.
You didn't know any spells.
Your spell library contained the following spells:

 Spells                   Type           Power      Damage    Failure   Level
 Kiss of Death            Conj/Necr      0%         2d5       47%         1
 Magic Dart               Conj           0%         1d3       47%         1
 Call Imp                 Summ           0%         N/A       63%         2
 Confusing Touch          Hex            0%         N/A       85%         3
 Gell's Gravitas          Tloc           0%         N/A       85%         3
 Mephitic Cloud           Conj/Pois/Air  0%         N/A       85%         3
 Teleport Other           Tloc           0%         N/A       85%         3
 Dispel Undead            Necr           0%         3d6       99%         4
 Dispersal                Tloc           0%         N/A       100%        6


Dungeon Overview and Level Annotations

Branches:
Dungeon (2/15)

Altars:
Makhleb


Innate Abilities, Weirdness & Mutations

You are small and have problems with some larger weapons.
You are completely attuned to the shadows.


Message History

You shoot an arrow. The arrow hits the orc.
You kill the orc!
You hear a shout!
An orc comes into view. It is wielding a +0 whip.
You have reached level 6!
You shoot an arrow.
The arrow closely misses the orc priest.
The orc barely misses you.
You shoot an arrow. The arrow barely misses the orc priest.
A giant cockroach comes into view.
The orc priest calls down the wrath of Beogh upon you.
Pain shoots through your body! The orc barely misses you.
The orc priest mumbles some strange prayers to Beogh against you.
Beogh smites you! The orc misses you.
You are too injured to fight recklessly!
You shoot an arrow.
The arrow hits the orc priest but does no damage.
The orc misses you. The orc priest barely misses you.
You shoot an arrow. The arrow barely misses the orc priest.
The orc closely misses you. The orc priest barely misses you.
You shoot an arrow. The arrow hits the orc priest.
The orc priest is moderately wounded.
The orc barely misses you. The orc priest misses you.
You shoot an arrow.
The arrow completely misses the orc priest.
The orc priest closely misses you. The orc hits you with a +0 morningstar.
* * * LOW HITPOINT WARNING * * *
The orc priest casts a cantrip, but nothing happens.
The orc closely misses you.
You shoot an arrow. The arrow hits the orc priest.
The orc priest is heavily wounded.
The orc barely misses you.
The orc priest hits you with a +0 flail.
* * * LOW HITPOINT WARNING * * *
You shoot an arrow. The arrow hits the orc priest.
The orc priest is severely wounded.
The orc closely misses you.
The orc priest mumbles some strange prayers to Beogh against you.
Beogh smites you!
You die...

#..#####.###.##
#..#........#####
#..#.####........
##..#.####...#####
#............#####
#####..##.##..........
.......##.# ##...#####
#####..##.. .....#
#@.#######{..#


Boboo.... ...... ####..### ##...## #... ....# #.### You could see an orc priest,
2 orcs, a giant cockroach and a bat.

Vanquished Creatures
  Sigmund (D:2)
  2 worms (D:2)
  An orc (D:2)
  3 endoplasms
  3 goblins
  2 quokkas (D:1)
  2 ball pythons (D:1)
  A frilled lizard (D:1)
  5 kobolds
20 creatures vanquished.

Notes
Turn   | Place    | Note
-------+----------+-------------------------------------------
     0 | D:1      | Newt the Kobold Hunter began the quest for the Orb.
     0 | D:1      | Reached XP level 1. HP: 12/12 MP: 1/1
   371 | D:1      | Reached XP level 2. HP: 18/18 MP: 2/2
   922 | D:2      | Reached XP level 3. HP: 23/23 MP: 3/3
   949 | D:2      | Noticed Sigmund
   992 | D:2      | Killed Sigmund
   993 | D:2      | Reached skill level 5 in Fighting
   993 | D:2      | Reached skill level 7 in Ranged Weapons
   993 | D:2      | Reached XP level 4. HP: 12/31 MP: 4/4
   993 | D:2      | Reached XP level 5. HP: 14/35 MP: 5/5
  1227 | D:2      | Found a burning altar of Makhleb.
  1324 | D:2      | Reached XP level 6. HP: 39/40 MP: 6/6
  1331 | D:2      | Killed from afar by an orc priest

Illustrated notes

Levels and vault maps discovered:
D:1:      zelgadis_glass_arrival_small, layout_basic
D:2:      layout_loops_ring, serial_shops, shop, basic_altar,
          chequers_serial_rivers_small_3, uniq_sigmund

Skill      XL: |  1  2  3 |
---------------+----------+-----
Fighting       | 3 5 |  5.0
Ranged Weapons | 7 |  7.0
Dodging        | |  2.4
Stealth        | |  1.3

Action                     |  1- 3 |  4- 6 || total
---------------------------+-------+-------++-------
   Fire: Shortbow          |    53 |    16 ||    69
    Use: Scroll            |     3 |       ||     3
 Armour: Leather armour    |     1 |       ||     1
  Dodge: Dodged            |    13 |    14 ||    27

Table legend: (Time is in decaauts)
 A = Elapsed time spent in this place.
 B = Non-inter-level travel time spent in this place.
 C = Inter-level travel time spent in this place.
 D = Time resting spent in this place.
 E = Time spent auto-exploring this place.
 F = Levels seen in this place.
 G = Mean time per level.
                   A        B        C        D        E       F      G
               +--------+--------+--------+--------+--------+-----+--------+
         Total |   1349 |   1328 |     21 |    323 |    837 |   2 |  674.5 |
       Dungeon |   1349 |   1328 |     21 |    323 |    837 |   2 |  674.5 |
               +--------+--------+--------+--------+--------+-----+--------+

Top non-repeatable levels by time:
     D:1: 853 daAuts
     D:2: 496 daAuts
